AoeStats
← Freddy Ferdinant

Black Forest

510319954Analyzed
4v4 RM · 1d ago on Sep 30, 2026· 62m 16s· 8 players
Game mode
Random Map
Map size
Large (8 player)
Population
200
Speed
Normal
Resources
Standard
Victory
Conquest
Starting age
Dark Age
Ending age
Imperial Age
RankedLock teamsTeams togetherTeam positionsShared explorationLock speedFull tech treeHidden civsTurbo modeCheats
Victory
Defeat
🇫🇷 Danes · France
968
+15
🇨🇳 Teutons · China
949
+16
🇧🇷 Persians · Brazil
895
+18
🇦🇷 Japanese · Argentina
880
+18
🇹🇷 Mongols · Türkiye
1000
-59
🇧🇷 Malians · Brazil
970
-18
🇹🇷 Khmer · Türkiye
905
-15
🇬🇧 Vietnamese · United Kingdom
890
-15
626464865
0:44 Loom
13:03 Feudal Age
18:03 Castle Age
16:53 Double-Bit Axe
20:54 Fishing Lines
25:02 Bow Saw
24:40 Horse Collar
24:53 Stone Mining
26:22 Stone Shaft Mining
28:25 Wheelbarrow
28:59 Forging
29:36 Gillnets
31:04 Hand Cart
31:00 Town Watch
32:04 Ironclad
35:10 Imperial Age
34:19 Ballistics
34:11 Gold Mining
34:26 Scale Mail Armor
35:02 Iron Casting
35:22 Fortified Wall
35:19 Heavy Plow
35:45 Squires
35:07 Pikeman
36:06 Chain Mail Armor
36:55 Chemistry
36:23 Conscription
37:35 Two-Man Saw
38:54 Blast Furnace
38:03 Halberdier
38:51 Siege Engineers
40:09 Hoardings
39:41 Town Patrol
40:15 Plate Mail Armor
39:44 Fletching
42:40 Bodkin Arrow
44:30 Masonry
44:26 Padded Archer Armor
44:42 Guilds
45:06 Heavy Scorpion
46:25 Leather Archer Armor
47:12 Caravan
48:50 Gambesons
48:26 Man-at-Arms
48:34 Man-at-Arms
49:27 Long Swordsman
51:07 Two-Handed Swordsman
53:25 Ring Archer Armor
52:20 Champion
53:19 Arson
Alex
0:54 Loom
11:20 Feudal Age
12:01 Double-Bit Axe
18:30 Castle Age
17:03 Fishing Lines
17:53 Horse Collar
19:46 Bow Saw
29:15 Wheelbarrow
31:41 Imperial Age
29:50 Wheelbarrow
31:27 Stone Mining
31:30 Gold Mining
40:56 Conscription
42:54 Siege Engineers
43:35 Northmen's Fury
44:31 Hamask
47:24 Scale Mail Armor
47:35 Forging
48:20 Arson
48:51 Forging
49:14 Heavy Plow
50:52 Onager
52:25 Gillnets
53:17 Siege Onager
56:54 Squires
56:16 Elite Varangian Guard
56:25 Elite Varangian Guard
co341014
11:22 Feudal Age
13:07 Double-Bit Axe
13:26 Horse Collar
16:14 Castle Age
14:51 Wheelbarrow
22:47 Bow Saw
23:50 Gold Mining
25:27 Hand Cart
27:45 Gold Shaft Mining
26:59 Loom
27:00 Town Watch
27:18 Heavy Plow
30:18 Imperial Age
28:19 Town Patrol
29:04 Scale Barding Armor
28:55 Fletching
29:05 Padded Archer Armor
30:45 Coinage
30:15 Caravan
32:08 Chemistry
31:28 Ballistics
31:19 Masonry
31:08 Bodkin Arrow
31:13 Padded Archer Armor
31:24 Forging
32:40 Banking
32:20 Guilds
34:17 Two-Man Saw
33:56 Stone Mining
34:04 Pikeman
34:30 Arson
34:45 Squires
35:06 Leather Archer Armor
34:51 Scale Mail Armor
35:12 Chain Barding Armor
35:28 Iron Casting
34:51 Halberdier
36:00 Conscription
35:51 Murder Holes
35:36 Heavy Scorpion
38:16 Masonry
38:46 Crop Rotation
39:01 Stone Shaft Mining
38:45 Kamandaran
38:55 Citadels
39:43 Bloodlines
39:34 Husbandry
38:54 Cavalier
39:18 Elite War Elephant
41:36 Sappers
42:45 Hoardings
43:12 Savar
44:53 Architecture
46:11 Light Cavalry
47:47 Plate Barding Armor
47:28 Chain Mail Armor
48:13 Blast Furnace
47:44 Ring Archer Armor
49:05 Devotion
49:18 Fervor
49:24 Block Printing
49:45 Theocracy
49:06 Herbal Medicine
58:03 Plate Mail Armor
57:46 Thumb Ring
57:01 Crossbowman
林归于凤
11:51 Feudal Age
12:16 Double-Bit Axe
12:14 Horse Collar
13:12 Wheelbarrow
15:39 Stone Mining
19:25 Castle Age
18:38 Gold Mining
18:37 Fishing Lines
20:32 Bow Saw
22:46 Scale Mail Armor
22:57 Forging
26:15 Gold Shaft Mining
27:48 Yasama
28:21 Hand Cart
29:10 Squires
28:32 Pikeman
29:49 Heavy Plow
30:00 Caravan
31:22 Gambesons
31:24 Arson
31:58 Chain Mail Armor
34:19 Imperial Age
32:08 Chain Mail Armor
31:55 Gillnets
35:32 Iron Casting
38:01 Conscription
38:16 Ballistics
39:49 Kataparuto
39:28 Town Watch
40:41 Elite Samurai
41:33 Town Patrol
49:24 Plate Mail Armor
49:54 Blast Furnace
49:49 Halberdier
yulaf
2:08 Loom
11:13 Feudal Age
12:41 Horse Collar
12:47 Double-Bit Axe
16:21 Wheelbarrow
19:55 Castle Age
18:08 Town Watch
18:20 Gold Mining
20:26 Scale Mail Armor
20:36 Forging
20:32 Scale Barding Armor
21:08 Pikeman
22:33 Stone Mining
24:19 Bloodlines
26:01 Elite Skirmisher
28:51 Heavy Plow
31:19 Hand Cart
31:12 Caravan
31:42 Coinage
32:35 Chain Mail Armor
32:55 Iron Casting
32:43 Chain Barding Armor
32:40 Arson
32:58 Tusk Swords
34:36 Bow Saw
37:14 Imperial Age
35:12 Husbandry
35:48 Iron Casting
35:29 Chain Mail Armor
35:35 Town Patrol
38:31 Coinage
38:59 Conscription
38:42 Double Crossbow
38:43 Elite Ballista Elephant
40:03 Sappers
40:51 Halberdier
43:01 Chemistry
42:22 Ballistics
42:19 Masonry
42:10 Murder Holes
42:28 Fortified Wall
42:25 Siege Engineers
42:11 Heated Shot
41:59 Imperial Skirmisher
43:53 Banking
43:21 Elite Battle Elephant
49:46 Blast Furnace
49:22 Plate Barding Armor
51:53 Fletching
52:03 Padded Archer Armor
54:48 Leather Archer Armor
54:29 Bodkin Arrow
56:50 Bracer
Remoaner In Chief
0:58 Loom
14:56 Feudal Age
15:45 Double-Bit Axe
17:08 Wheelbarrow
19:59 Castle Age
19:27 Fletching
19:37 Padded Archer Armor
19:43 Scale Barding Armor
19:49 Forging
20:31 Bloodlines
21:36 Hand Cart
21:42 Hand Cart
23:59 Stone Mining
24:16 Elite Skirmisher
27:41 Fishing Lines
29:11 Bow Saw
30:25 Town Watch
31:16 Leather Archer Armor
30:58 Bodkin Arrow
31:43 Chain Barding Armor
33:31 Crossbowman
34:17 Thumb Ring
35:41 Iron Casting
35:18 Horse Collar
38:35 Chatras
38:53 Caravan
39:30 Heavy Plow
40:12 Ballistics
43:01 Imperial Age
40:19 Pikeman
41:28 Husbandry
43:30 Halberdier
43:50 Arbalester
45:28 Ring Archer Armor
45:00 Scale Mail Armor
45:01 Bracer
44:37 Arbalester
45:38 Arbalester
49:53 Elite Fire Lancer
51:31 Chain Mail Armor
55:07 Onager
Freddy Ferdinant
14:01 Feudal Age
15:09 Fishing Lines
15:16 Fishing Lines
16:52 Wheelbarrow
18:15 Town Watch
19:53 Horse Collar
20:01 Double-Bit Axe
23:29 Castle Age
24:00 Gillnets
30:44 Imperial Age
28:21 Heavy Plow
28:41 Bow Saw
29:22 Town Watch
29:57 Hand Cart
29:29 Loom
32:27 Caravan
32:44 Fortified Wall
32:30 Murder Holes
32:57 Ballistics
33:37 Chemistry
32:50 Masonry
33:00 Gold Mining
33:04 Stone Mining
34:29 Stone Shaft Mining
34:37 Gold Shaft Mining
39:24 Fletching
39:35 Padded Archer Armor
39:24 Elite Mangudai
41:17 Hoardings
41:06 Conscription
41:59 Hoardings
41:46 Drill
40:57 Capped Ram
41:00 Onager
42:47 Nomads
42:22 Sappers
42:28 Siege Ram
44:08 Bodkin Arrow
44:29 Leather Archer Armor
44:37 Ballistics
45:18 Chemistry
44:24 Siege Engineers
53:53 Siege Onager
59:13 Pikeman
59:53 Squires
HaweN
0:51 Loom
11:58 Feudal Age
18:06 Castle Age
16:08 Double-Bit Axe
16:54 Stone Mining
17:05 Horse Collar
23:58 Arson
26:47 Gold Mining
27:50 Fletching
30:43 Wheelbarrow
31:17 Town Watch
32:39 Hand Cart
39:01 Imperial Age
38:05 Stone Shaft Mining
37:28 Bodkin Arrow
37:59 Fortified Wall
38:41 Masonry
39:07 Tigui
39:58 Gold Shaft Mining
40:41 Bow Saw
42:18 Ballistics
43:01 Chemistry
42:09 Heavy Plow
Connection lost

Rejoining the realm…

Still unreachable

The connection could not be restored.

Session expired

The server has moved on; the page needs a fresh start.